 Dungeon Crawl Stone Soup version 0.30-a0-939-gc8157cb160 (webtiles) character file.

Game seed: 16643905370422928480

324 ThatPearl the Ruffian (level 6, -7/59 HPs)
             Began as a Troll Monk on Mar 25, 2023.
             Was a Believer of Wu Jian.
             Mangled by an iguana (9 damage)
             ... on level 5 of the Dungeon.
             The game lasted 00:07:43 (3310 turns).

ThatPearl the Ruffian (Troll Monk)                  Turns: 3310, Time: 00:07:44

Health: -7/59      AC:  4    Str: 22    XL:     6   Next: 23%
Magic:  5/5        EV: 10    Int:  6    God:    Wu Jian [**....]
Gold:   244        SH:  0    Dex: 12    Spells: 5/5 levels left

rFire   . . .      SeeInvis .      - Unarmed
rCold   . . .      Faith    .    (no shield)
rNeg    . . .      Spirit   .    a - +0 robe
rPois   .          Reflect  .    (helmet restricted)
rElec   .          Rampage  .    (no cloak)
rCorr   .                        (gloves unavailable)
Will    +....                    (boots unavailable)
Stlth   +                        z - amulet of magic regeneration
HPRegen 1.09/turn                y - ring of willpower
MPRegen 0.49/turn                (no ring)

@: confused, lethally poisoned (-7 -> -11), ambrosia-drunk
A: large, unfitting armour, claws 3, regeneration 1, shaggy fur 1, tough skin 1
a: Renounce Religion, Wall Jump


You were on level 5 of the Dungeon.
You worshipped Wu Jian.
Wu Jian was pleased with you.
You visited 2 branches of the dungeon, and saw 6 of its levels.

You collected 244 gold pieces.

Inventory:

Missiles
 d - a throwing net
 p - 37 stones (quivered)
 t - 6 large rocks
 x - 3 boomerangs
Armour
 a - a +0 robe (worn)
Magical Staves
 u - a staff of air
Jewellery
 y - a ring of willpower (left claw)
 z - an amulet of magic regeneration (around neck)
Scrolls
 f - 4 scrolls of blinking {unknown}
 g - 2 scrolls of immolation {unknown}
 h - a scroll of silence {unknown}
 i - 3 scrolls of vulnerability {unknown}
 j - a scroll of noise {unknown}
 k - 6 scrolls of identify {unknown}
 l - 4 scrolls of teleportation {unknown}
 m - 2 scrolls of amnesia {unknown}
 o - a scroll of magic mapping {unknown}
 q - 2 scrolls of poison {unknown}
 r - a scroll of enchant weapon {unknown}
 w - a scroll of fog {unknown}
Potions
 c - 3 potions of brilliance {unknown}
 e - a potion of resistance {unknown}
 n - 2 potions of heal wounds {unknown}
 s - a potion of invisibility {unknown}
 v - a potion of lignification {unknown}
 A - a potion of berserk rage {unknown}
 B - a potion of might {unknown}


   Skills:
 - Level 2.4 Fighting
 + Level 2.6 Throwing
 + Level 3.3 Dodging
 - Level 1.0 Stealth
 * Level 5.5 Unarmed Combat


You had 5 spell levels left.
You didn't know any spells.
Your spell library contained the following spells:

 Spells                   Type           Power      Damage    Failure   Level
 Kiss of Death            Conj/Necr      0%         2d5       45%         1
 Magic Dart               Conj           0%         1d3       45%         1
 Summon Small Mammal      Summ           0%         N/A       45%         1
 Searing Ray              Conj           0%         2d4       58%         2
 Call Canine Familiar     Summ           0%         N/A       83%         3
 Confusing Touch          Hex            0%         N/A       83%         3
 Summon Guardian Golem    Hex/Summ       0%         N/A       83%         3
 Dispel Undead            Necr           0%         3d6       99%         4
 Fulminant Prism          Conj/Hex       0%         3d5       99%         4


Dungeon Overview and Level Annotations

Branches:
Dungeon (5/15)             Temple (1/1) D:4

Altars:
Ashenzari
Cheibriados
Dithmenos
Elyvilon
Fedhas
Gozag
Hepliaklqana
Kikubaaqudgha
Nemelex Xobeh
Okawaru
Qazlal
Ru
Sif Muna
Trog
Uskayaw
Vehumet
Wu Jian
Xom
Yredelemnul
Zin
The Shining One


Innate Abilities, Weirdness & Mutations

You are too large for most types of armour.
You have claws for hands.
Your natural rate of healing is unusually fast.
You are covered in fur. (AC +1)
You have tough skin. (AC +1)


Message History

The scorpion stings you. The scorpion misses you.
You spin and attack the scorpion.
You scratch the scorpion.
The scorpion is almost dead.
The scorpion stings you but does no damage.
You spin and attack the scorpion.
You scratch the scorpion.
The scorpion is severely wounded.
You spin and attack the scorpion.
You claw the scorpion!
You kill the scorpion!
The Council accepts your kill. The scorpion stings you.
Unknown command.
You barely miss the scorpion.
The scorpion is severely wounded.
The scorpion stings you!
You are poisoned.
The scorpion poisons you! The iguana bites you! The iguana bites you.
Unknown command.
You spin and attack the iguana.
You closely miss the iguana.
You spin and attack the scorpion.
You scratch the scorpion.
The scorpion is almost dead.
You feel sick. The scorpion stings you!
* * * LOW HITPOINT WARNING * * *
You are more poisoned.
The scorpion poisons you! The iguana closely misses you.
The scorpion stings you but does no damage.
You spin and attack the scorpion.
You claw the scorpion!
You kill the scorpion!
The Council accepts your kill.
You feel very sick.
You have reached level 6!
You feel stronger.
You are confused.
You feel invigorated.
You feel very sick.
The iguana bites you but does no damage.
The iguana bites you!
* * * LOW HITPOINT WARNING * * *
Unknown command.
The iguana attacks as you move away! The iguana bites you!
You die...

###.########.#######... .
###.##.##.#.#..##...... ..
##...................# ...
.[.........##.......# ....
............##.....###....?
............................ #.
.......####................. ...
#..##........#...l.#.......###...
##.#....##..###.@l.##l.!.........
......#....###..............l....
...#..###......###...............
...##. #..##.. ..##....>.......
..# .....# #.# ..##....<.# ###
..# .##.. ..###......# ##
##..##..## .. #........ .#
#.......... ...#............
####.......... .(...l###......


You could see 2 iguanas.

Vanquished Creatures
  2 scorpions (D:5)
  A hound (D:3)
  A jelly (D:4)
  A sleepcap (D:4)
  3 adders
  A shadow imp (D:4)
  2 worms (D:3)
  A dart slug (D:4)
  10 orcs
  5 bats
  3 endoplasms
  3 giant cockroaches
  9 goblins
  2 hobgoblins (D:1)
  3 kobolds
  3 quokkas
  5 ball pythons
  4 frilled lizards (D:1)
  8 rats
67 creatures vanquished.

Notes
Turn   | Place    | Note
-------+----------+-------------------------------------------
     0 | D:1      | ThatPearl the Troll Monk began the quest for the Orb.
     0 | D:1      | Reached XP level 1. HP: 22/22 MP: 0/0
    45 | D:1      | Reached XP level 2. HP: 29/29 MP: 1/1
   299 | D:1      | Reached skill level 1 in Throwing
   493 | D:2      | Reached XP level 3. HP: 36/36 MP: 2/2
  1076 | D:2      | Found a faded altar of an unknown god.
  1249 | D:3      | Reached skill level 4 in Unarmed Combat
  1257 | D:3      | Reached XP level 4. HP: 44/44 MP: 3/3
  1820 | D:4      | Reached XP level 5. HP: 50/50 MP: 4/4
  1884 | D:4      | Found a staircase to the Ecumenical Temple.
  1997 | Temple   | Entered the Ecumenical Temple
  2244 | Temple   | Became a worshipper of the Wu Jian Council
  2244 | Temple   | Reached * piety under Wu Jian
  2244 | Temple   | Reached ** piety under Wu Jian
  2578 | D:4      | Reached skill level 5 in Unarmed Combat
  3126 | D:5      | Entered Level 5 of the Dungeon
  3309 | D:5      | Reached XP level 6. HP: 11/59 MP: 5/5
  3309 | D:5      | HP: 2/59 [iguana (10)]
  3310 | D:5      | Mangled by an iguana

Illustrated notes

Levels and vault maps discovered:
D:1:      wander_arrival_fairy_ring, layout_rooms,
          chequers_serial_rivers_large_b, amethyst_killhole
D:2:      layout_basic, chequers_ecumenical_altar_twisty
D:3:      layout_loops_ring, minmay_diced_spiral
D:4:      layout_layer_cave, minmay_temple_entry_grid
D:5:      layout_cave_pools, minivault_23
Temple:   mainiacjoe_temple_starburst

Skill      XL: |  1  2  3  4  5 |
---------------+----------------+-----
Throwing       | 1 2 |  2.6
Unarmed Combat | 4 5 |  5.5
Dodging        | 3 |  3.3
Fighting       | |  2.4
Stealth        | |  1.0

Action                     |  1- 3 |  4- 6 || total
---------------------------+-------+-------++-------
  Melee: Unarmed           |    80 |   111 ||   191
         Punch             |       |     3 ||     3
Ability: Whirlwind         |       |     8 ||     8
         Lunge             |       |     3 ||     3
    Use: Potion            |       |     1 ||     1
   Stab: Sleeping          |     2 |     2 ||     4
 Armour: Robe              |    32 |    29 ||    61
  Dodge: Dodged            |    38 |    47 ||    85

Table legend: (Time is in decaauts)
 A = Elapsed time spent in this place.
 B = Non-inter-level travel time spent in this place.
 C = Inter-level travel time spent in this place.
 D = Time resting spent in this place.
 E = Time spent auto-exploring this place.
 F = Levels seen in this place.
 G = Mean time per level.
                   A        B        C        D        E       F      G
               +--------+--------+--------+--------+--------+-----+--------+
         Total |   3295 |   3116 |    179 |      0 |   2524 |   6 |  549.2 |
       Dungeon |   2747 |   2605 |    142 |      0 |   2031 |   5 |  549.4 |
        Temple |    547 |    510 |     37 |      0 |    493 |   1 |  547.0 |
               +--------+--------+--------+--------+--------+-----+--------+

Top non-repeatable levels by time:
     D:4: 825 daAuts
     D:2: 715 daAuts
     D:3: 608 daAuts
  Temple: 547 daAuts
     D:1: 460 daAuts
     D:5: 137 daAuts
